 Dungeon Crawl Stone Soup version 0.28-a0-69-g49dcd67cf8 (webtiles) character file.

Game seed: 4137935284409672870

52 emm the Chopper (level 3, -1/27 HPs)
             Began as a Demonspawn Gladiator on July 31, 2021.
             Slain by Crazy Yiuf (10 damage)
             ... on level 2 of the Dungeon.
             The game lasted 00:02:25 (1396 turns).

emm the Chopper (Demonspawn Gladiator)              Turns: 1396, Time: 00:02:25

Health: -1/27      AC:  4    Str: 14    XL:     3   Next: 60%
Magic:  1/3        EV: 13    Int:  9    God:
Gold:   45         SH:  0    Dex: 19    Spells: 2/2 levels left

rFire   . . .      SeeInvis .   a - +0 war axe
rCold   . . .      Faith    .   (no shield)
rNeg    . . .      Spirit   .   b - +0 leather armour
rPois   .          Reflect  .   c - +0 helmet
rElec   .          Harm     .   (no cloak)
rCorr   .          Rampage  .   (no gloves)
Will    .....                   (no boots)
Stlth   +++.......              (no amulet)
HPRegen 0.09/turn               (no ring)
MPRegen 0.08/turn               (no ring)

@: lethally poisoned (-1 -> -12)
A: thin skeletal structure 2
a: no special abilities


You were on level 2 of the Dungeon.
You visited 1 branch of the dungeon, and saw 2 of its levels.

You collected 45 gold pieces.

Inventory:

Hand Weapons
 a - a +0 war axe (weapon)
Missiles
 d - 3 throwing nets (quivered)
Armour
 b - a +0 leather armour (worn)
 c - a +0 helmet (worn)
Jewellery
 h - a ring of protection from fire
Scrolls
 f - a scroll of identify {unknown}
Potions
 e - a potion of ambrosia {unknown}
 g - a potion of magic {unknown}
 i - a potion of haste {unknown}


   Skills:
 + Level 2.2 Fighting
 + Level 3.4 Axes
 + Level 2.0 Throwing
 + Level 1.0 Armour
 + Level 3.0 Dodging
 + Level 0.1 Stealth


You had 2 spell levels left.
You didn't know any spells.
Your spell library was empty.

Dungeon Overview and Level Annotations

Branches:
Dungeon (2/15)

Altars:

Annotations:
D:2 Crazy Yiuf


Innate Abilities, Weirdness & Mutations

You have a moderately thin skeletal structure. (Dex +4, Stealth++)


Message History

The hobgoblin misses you.
You hit the hobgoblin but do no damage.
The hobgoblin is moderately wounded.
The hobgoblin hits you but does no damage.
The quokka twitches its whiskers.
You hit the hobgoblin.
The hobgoblin is heavily wounded.
The hobgoblin barely misses you. The hobgoblin hits you.
The quokka closely misses you.
You closely miss the hobgoblin.
The hobgoblin is heavily wounded.
You barely miss the quokka. The quokka closely misses you.
The hobgoblin barely misses you.
You hit the hobgoblin.
The hobgoblin is almost dead.
You closely miss the quokka. The quokka closely misses you.
The hobgoblin barely misses you. The quokka barely misses you.
You slash the hobgoblin!
You kill the hobgoblin!
You hit the quokka.
You kill the quokka!
You see here a hobgoblin corpse.
Found a mace.
Found a runed translucent door.
Found a stone staircase leading down.
Crazy Yiuf shouts!
As you open the door, it creaks loudly!
Crazy Yiuf drinks a potion.
Crazy Yiuf seems to grow stronger.
Crazy Yiuf waves his quarterstaff at you.
Crazy Yiuf hits you with a +4 quarterstaff of chaos!
You feel your power leaking away.
There is an open translucent door, spattered with blood here.
You slash Crazy Yiuf!
Crazy Yiuf is heavily wounded.
Crazy Yiuf hits you with a +4 quarterstaff of chaos.
You are lethally poisoned!
You slash Crazy Yiuf!
Crazy Yiuf is almost dead.
You feel very sick.
Crazy Yiuf hits you with a +4 quarterstaff of chaos!
You die...

##### .....
..... #####
##### #)..#
#...#
#..#.###
#.g.#
#......# #@#
#......#
#.##
#......#
##.#
#......#
#.##
#......#
##.#
#......# ##
##.##
#......####.
##...#
#...........
#....#
#..........#
#....#
#..#..[.....


You could see Crazy Yiuf (strong).

Vanquished Creatures
  An adder (D:2)
  A dart slug (D:1)
  A ball python (D:1)
  7 bats (D:1)
  An endoplasm (D:1)
  A giant cockroach (D:1)
  3 hobgoblins
  4 jackals (D:1)
  2 quokkas
  3 frilled lizards (D:1)
  4 goblins (D:1)
  5 kobolds
  5 rats (D:1)
38 creatures vanquished.

Vanquished Creatures (others)
  A fungus (D:1)
  5 plants (D:1)
6 creatures vanquished.

Grand Total: 44 creatures vanquished

Notes
Turn   | Place    | Note
-------+----------+-------------------------------------------
     0 | D:1      | emm the Demonspawn Gladiator began the quest for the Orb.
     0 | D:1      | Reached XP level 1. HP: 16/16 MP: 1/1
    97 | D:1      | Gained mutation: You have a somewhat thin skeletal
                  | structure. (Dex +2, Stealth+) [demonic ancestry]
    97 | D:1      | Reached XP level 2. HP: 18/22 MP: 2/2
   487 | D:1      | Found a faded altar of an unknown god.
   581 | D:1      | Gained mutation: You have a moderately thin skeletal
                  | structure. (Dex +4, Stealth++) [demonic ancestry]
   581 | D:1      | Reached XP level 3. HP: 26/27 MP: 3/3
  1126 | D:2      | Reached skill level 1 in Armour
  1353 | D:2      | Found a runed translucent door.
  1354 | D:2      | Noticed Crazy Yiuf
  1396 | D:2      | Slain by Crazy Yiuf

Illustrated notes

Levels and vault maps discovered:
D:1:      dpeg_arrival_short_road, layout_rooms,
          dreamdust_ecumenical_altar_grove, serial_forest,
          infiniplex_forest_clump_double, infiniplex_forest_end_2,
          infiniplex_forest_clump_cross, infiniplex_forest_straight_2,
          infiniplex_forest_zigzag_2, infiniplex_forest_lined_2,
          infiniplex_forest_clump_small, infiniplex_forest_clump_small,
          infiniplex_forest_lined_corner
D:2:      layout_basic, uniq_sigmund, uniq_crazy_yiuf_cottage

Skill      XL: |  1  2  3 |
---------------+----------+-----
Axes           | 3 |  3.4
Dodging        | 3 |  3.0
Throwing       | 2 |  2.0
Armour         | 1 |  1.0
Fighting       | |  2.2
Stealth        | |  0.1

Action                   || total
-------------------------++-------
Melee: War axe           ||   100
 Stab: Sleeping          ||     2
Armor: Leather armour    ||    60
Dodge: Dodged            ||   106

Table legend: (Time is in decaauts)
 A = Elapsed time spent in this place.
 B = Non-inter-level travel time spent in this place.
 C = Inter-level travel time spent in this place.
 D = Time resting spent in this place.
 E = Time spent auto-exploring this place.
 F = Levels seen in this place.
 G = Mean time per level.
                   A        B        C        D        E       F      G
               +--------+--------+--------+--------+--------+-----+--------+
         Total |   1430 |   1391 |     39 |      0 |   1036 |   2 |  715.0 |
       Dungeon |   1430 |   1391 |     39 |      0 |   1036 |   2 |  715.0 |
               +--------+--------+--------+--------+--------+-----+--------+

Top non-repeatable levels by time:
     D:1: 1113 daAuts
     D:2: 317 daAuts
